TOP OF THE 1ST |
Texas Tech Red Raiders batting - Pitching for Kentucky Wildcats : RHP Kyle Kendall
|
Pitching: RHP Kyle Kendall
|
|
Batting: RHB Donovan James
|
0-0: Foul Ball, location: 2F 0-1: Ball 1-1: Ground out 4-3 (Groundball, 4M)
|
Batting: RHB Bruce Jones
|
0-0: Swinging Strike 0-1: Ball 1-1: Foul Ball, location: 2F 1-2: Strikes out looking
|
Batting: LHB Micheal Morgan
|
0-0: Called Strike 0-1: Ball 1-1: Fly out, F7 (Flyball, 7D)
|
Top of the 1st over - 0 run(s), 0 hit(s), 0 error(s), 0 left on base; Texas Tech 0 - Kentucky 0 |
BOTTOM OF THE 1ST |
Kentucky Wildcats batting - Pitching for Texas Tech Red Raiders : LHP Bryan Richardson
|
Pitching: LHP Bryan Richardson
|
|
Batting: RHB Ricky White
|
0-0: Swinging Strike 0-1: Ball 1-1: Foul Ball, location: 2F 1-2: Strikes out looking
|
Batting: LHB John Hudson
|
0-0: Bunted foul 0-1: Ball 1-1: Ball 2-1: Ground out 4-3 (Groundball, 4)
|
Batting: RHB Jerry Gentry
|
0-0: SINGLE (Flyball, 89S)
|
Batting: SHB Matt Wells
|
0-0: Called Strike Throwing error on steal attempt, E2 Jerry Gentry to third 0-1: Swinging Strike 0-2: Ball 1-2: Foul Ball, location: 2F 1-2: Ball 2-2: Strikes out swinging
|
Bottom of the 1st over - 0 run(s), 1 hit(s), 1 error(s), 1 left on base; Texas Tech 0 - Kentucky 0 |
TOP OF THE 2ND |
Texas Tech Red Raiders batting - Pitching for Kentucky Wildcats : RHP Kyle Kendall
|
Batting: RHB Jeremy Kennedy
|
0-0: Ball 1-0: Called Strike 1-1: Swinging Strike 1-2: Strikes out swinging
|
Batting: LHB Albert Cardona
|
0-0: Called Strike 0-1: Foul Ball, location: 2F 0-2: Ball 1-2: Foul Ball, location: 2F 1-2: Strikes out looking
|
Batting: RHB Steven Hill
|
0-0: Ball 1-0: Foul Ball, location: 2F 1-1: Ball 2-1: Foul Ball, location: 2F 2-2: Ball 3-2: Base on Balls
|
Batting: RHB Casey Fox
|
0-0: Ball 1-0: Ball 2-0: Ball 3-0: Called Strike 3-1: Foul Ball, location: 2F 3-2: Base on Balls Steven Hill to second
|
Batting: RHB Terry Whitney
|
0-0: Ground out 1-3 (Groundball, 13)
|
Top of the 2nd over - 0 run(s), 0 hit(s), 0 error(s), 2 left on base; Texas Tech 0 - Kentucky 0 |
BOTTOM OF THE 2ND |
Kentucky Wildcats batting - Pitching for Texas Tech Red Raiders : LHP Bryan Richardson
|
Batting: LHB Carlos Romero
|
0-0: Ball 1-0: Fly out, F6 (Popup, 6D)
|
Batting: RHB Chris Rice
|
0-0: Called Strike 0-1: Ball 1-1: Swinging Strike 1-2: Strikes out swinging
|
Batting: RHB António Olivares
|
0-0: Ball 1-0: Called Strike 1-1: Called Strike 1-2: Foul Ball, location: 2F 1-2: Foul Ball, location: 2F 1-2: Ball 2-2: Strikes out swinging
|
Bottom of the 2nd over - 0 run(s), 0 hit(s), 0 error(s), 0 left on base; Texas Tech 0 - Kentucky 0 |
TOP OF THE 3RD |
Texas Tech Red Raiders batting - Pitching for Kentucky Wildcats : RHP Kyle Kendall
|
Batting: RHB Jorge Calderón
|
0-0: Ball 1-0: Called Strike 1-1: SINGLE (Flyball, 4D)
|
Batting: RHB Donovan James
|
0-0: Ball 1-0: Ball 2-0: Foul Ball, location: 2F 2-1: Called Strike 2-2: Strikes out looking
|
Batting: RHB Bruce Jones
|
0-0: Called Strike Jorge Calderón steals 2nd base 0-1: Swinging Strike 0-2: Ball 1-2: Strikes out swinging
|
Batting: LHB Micheal Morgan
|
0-0: 2-RUN HOME RUN (Flyball, 89XD), Distance : 378 ft
|
Batting: RHB Jeremy Kennedy
|
0-0: Called Strike 0-1: Foul Ball, location: 2F 0-2: Ball 1-2: SINGLE (Groundball, 4MD)
|
Batting: LHB Albert Cardona
|
0-0: Ball 1-0: Ball 2-0: Foul Ball, location: 2F 2-1: Foul Ball, location: 2F 2-2: Reached on error, E5 (Groundball, 5L) Jeremy Kennedy to second
|
Batting: RHB Steven Hill
|
0-0: Ball 1-0: Fly out, F4 (Popup, 4D)
|
Top of the 3rd over - 2 run(s), 3 hit(s), 1 error(s), 2 left on base; Texas Tech 2 - Kentucky 0 |
BOTTOM OF THE 3RD |
Kentucky Wildcats batting - Pitching for Texas Tech Red Raiders : LHP Bryan Richardson
|
Batting: RHB Jack Sweet
|
0-0: Called Strike 0-1: Called Strike 0-2: Ball 1-2: Foul Ball, location: 2F 1-2: Strikes out swinging
|
Batting: RHB Eddie Higgins
|
0-0: Ball 1-0: Ball 2-0: Ball 3-0: Called Strike 3-1: Base on Balls
|
Batting: RHB Ricky White
|
0-0: Swinging Strike 0-1: Swinging Strike 0-2: Foul Ball, location: 2F 0-2: Strikes out looking
|
Batting: LHB John Hudson
|
0-0: Ball 1-0: Called Strike 1-1: Ball 2-1: Called Strike 2-2: 2-RUN HOME RUN (Flyball, 89XD), Distance : 377 ft
|
Batting: RHB Jerry Gentry
|
0-0: Ball 1-0: Ball 2-0: Ball 3-0: Called Strike 3-1: SINGLE (Line Drive, 6MD)
|
Batting: SHB Matt Wells
|
0-0: Foul Ball, location: 2F 0-1: Ball 1-1: Ball 2-1: Ball 3-1: Foul Ball, location: 2F 3-2: 2-RUN HOME RUN (Flyball, 7LD), Distance : 330 ft
|
Batting: LHB Carlos Romero
|
0-0: Called Strike 0-1: Ball 1-1: Ball 2-1: SINGLE (Groundball, 4MD)
|
Batting: RHB Chris Rice
|
0-0: SINGLE (Groundball, 56D) Carlos Romero to second
|
Batting: RHB António Olivares
|
0-0: Ball 1-0: Foul Ball, location: 2F 1-1: Swinging Strike 1-2: Foul Ball, location: 2F 1-2: Ball 2-2: Ball 3-2: Strikes out swinging
|
Bottom of the 3rd over - 4 run(s), 5 hit(s), 0 error(s), 2 left on base; Texas Tech 2 - Kentucky 4 |
TOP OF THE 4TH |
Texas Tech Red Raiders batting - Pitching for Kentucky Wildcats : RHP Kyle Kendall
|
Batting: RHB Casey Fox
|
0-0: Called Strike 0-1: Called Strike 0-2: Ball 1-2: Foul Ball, location: 2F 1-2: Fly out, F8 (Flyball, 78M)
|
Batting: RHB Terry Whitney
|
0-0: Called Strike 0-1: Foul Ball, location: 2F 0-2: Ball 1-2: Ball 2-2: Strikes out swinging
|
Batting: RHB Jorge Calderón
|
0-0: SINGLE (Line Drive, 34)
|
Batting: RHB Donovan James
|
0-0: Called Strike 0-1: Ball 1-1: Ball 2-1: Foul Ball, location: 2F 2-2: Foul Ball, location: 2F 2-2: Foul Ball, location: 2F 2-2: Ball 3-2: Foul Ball, location: 2F 3-2: Foul Ball, location: 2F 3-2: Base on Balls Jorge Calderón to second
|
Batting: RHB Bruce Jones
|
0-0: Foul Ball, location: 2F 0-1: Ground out 6-3 (Groundball, 6)
|
Top of the 4th over - 0 run(s), 1 hit(s), 0 error(s), 2 left on base; Texas Tech 2 - Kentucky 4 |
BOTTOM OF THE 4TH |
Kentucky Wildcats batting - Pitching for Texas Tech Red Raiders : LHP Bryan Richardson
|
Batting: RHB Jack Sweet
|
0-0: Ball 1-0: Ball 2-0: Foul Ball, location: 2F 2-1: Ball 3-1: Base on Balls
|
Batting: RHB Eddie Higgins
|
0-0: Called Strike 0-1: Grounds into double play, 6-4-3 (Groundball, 6M)
|
Batting: RHB Ricky White
|
0-0: Called Strike 0-1: Ball 1-1: Foul Ball, location: 2F 1-2: Strikes out swinging
|
Bottom of the 4th over - 0 run(s), 0 hit(s), 0 error(s), 0 left on base; Texas Tech 2 - Kentucky 4 |
TOP OF THE 5TH |
Texas Tech Red Raiders batting - Pitching for Kentucky Wildcats : RHP Kyle Kendall
|
Batting: LHB Micheal Morgan
|
0-0: Called Strike 0-1: Called Strike 0-2: Foul Ball, location: 2F 0-2: Strikes out swinging
|
Pitching: RHP Sean Martínez
|
|
Batting: RHB Jeremy Kennedy
|
0-0: SOLO HOME RUN (Flyball, 7LD), Distance : 322 ft
|
Batting: LHB Albert Cardona
|
0-0: Ground out 5-3 (Groundball, 5)
|
Batting: RHB Steven Hill
|
0-0: Ball 1-0: Ball 2-0: Fly out, F3 (Line Drive, 34)
|
Top of the 5th over - 1 run(s), 1 hit(s), 0 error(s), 0 left on base; Texas Tech 3 - Kentucky 4 |
BOTTOM OF THE 5TH |
Kentucky Wildcats batting - Pitching for Texas Tech Red Raiders : LHP Bryan Richardson
|
Pitching: RHP Ronald Stone
|
|
Batting: LHB John Hudson
|
0-0: Ball 1-0: Ball 2-0: Ball 3-0: Foul Ball, location: 2F 3-1: Base on Balls
|
Batting: RHB Jerry Gentry
|
0-0: Ball 1-0: Foul Ball, location: 2F 1-1: Ball 2-1: SINGLE (Flyball, 9S) John Hudson to second Runner from 2nd tries for 3rd, SAFE, throw made to third
|
Batting: SHB Matt Wells
|
0-0: Called Strike 0-1: SINGLE (Groundball, 4MD) John Hudson scores Jerry Gentry to second
|
Batting: LHB Carlos Romero
|
0-0: Ball 1-0: Ball 2-0: Called Strike 2-1: Ball 3-1: Base on Balls Jerry Gentry to third Matt Wells to second
|
Batting: RHB Chris Rice
|
0-0: Fly out, F9 (Flyball, 89D) Runner from 3rd tags up, SCORES, no throw Matt Wells to third
|
Now in RF: Ralph Wells
|
|
Batting: RHB António Olivares
|
0-0: Called Strike 0-1: Foul Ball, location: 2F 0-2: Ball 1-2: Ball 2-2: Ball 3-2: Foul Ball, location: 2F 3-2: Strikes out swinging
|
Batting: RHB Jack Sweet
|
0-0: Ball Wild Pitch! Matt Wells scores Carlos Romero to second 1-0: Ball 2-0: Ball Wild Pitch! Carlos Romero to third 3-0: Called Strike 3-1: Base on Balls
|
Pitching: RHP Ron MacLehose
|
|
Batting: RHB Eddie Higgins
|
0-0: Ball 1-0: Foul Ball, location: 2F 1-1: Fly out, F8 (Flyball, 78M)
|
Bottom of the 5th over - 3 run(s), 2 hit(s), 0 error(s), 2 left on base; Texas Tech 3 - Kentucky 7 |
TOP OF THE 6TH |
Texas Tech Red Raiders batting - Pitching for Kentucky Wildcats : RHP Sean Martínez
|
Batting: RHB Casey Fox
|
0-0: Foul Ball, location: 2F 0-1: Ball 1-1: SINGLE (Groundball, 56) (infield hit)
|
Batting: RHB Terry Whitney
|
0-0: Grounds into double play, 6-4-3 (Groundball, 6)
|
Batting: RHB Jorge Calderón
|
0-0: Ball 1-0: Foul Ball, location: 2F 1-1: Foul Ball, location: 2F 1-2: Ball 2-2: Fly out, F8 (Flyball, 89M)
|
Top of the 6th over - 0 run(s), 1 hit(s), 0 error(s), 0 left on base; Texas Tech 3 - Kentucky 7 |
BOTTOM OF THE 6TH |
Kentucky Wildcats batting - Pitching for Texas Tech Red Raiders : RHP Ron MacLehose
|
Batting: RHB Ricky White
|
0-0: SOLO HOME RUN (Flyball, 7D), Distance : 343 ft
|
Batting: LHB John Hudson
|
0-0: Ball 1-0: Ball 2-0: Reached on Error, E7 (Flyball, 7M)
|
Batting: RHB Jerry Gentry
|
0-0: Called Strike 0-1: Ball John Hudson is caught stealing 2nd base 1-1: SINGLE (Groundball, 13) (infield hit)
|
Batting: SHB Matt Wells
|
0-0: Ball Jerry Gentry steals 2nd base 1-0: Ball 2-0: Called Strike 2-1: Ball 3-1: Swinging Strike 3-2: 2-RUN HOME RUN (Line Drive, 89XD), Distance : 389 ft
|
Pitching: LHP Mitchell Jenkins
|
|
Batting: LHB Carlos Romero
|
0-0: Foul Ball, location: 2F 0-1: Swinging Strike 0-2: Ball 1-2: Ball 2-2: Foul Ball, location: 2F 2-2: Ball 3-2: Base on Balls
|
Batting: RHB Chris Rice
|
0-0: Called Strike 0-1: Ball 1-1: Called Strike 1-2: Ball 2-2: Ball 3-2: Base on Balls Carlos Romero to second
|
Batting: RHB António Olivares
|
0-0: Ball 1-0: Called Strike 1-1: SINGLE (Flyball, 9S) Carlos Romero to third Chris Rice to second Runner from 3rd tries for Home, SAFE, throw made home Chris Rice to third António Olivares to second
|
Batting: RHB Jack Sweet
|
0-0: Called Strike 0-1: Foul Ball, location: 2F 0-2: Strikes out swinging
|
Batting: RHB Eddie Higgins
|
0-0: Ball 1-0: Ball 2-0: Swinging Strike 2-1: Swinging Strike 2-2: Ball 3-2: Strikes out swinging
|
Bottom of the 6th over - 4 run(s), 4 hit(s), 1 error(s), 2 left on base; Texas Tech 3 - Kentucky 11 |
TOP OF THE 7TH |
Texas Tech Red Raiders batting - Pitching for Kentucky Wildcats : RHP Sean Martínez
|
Batting: RHB Donovan James
|
0-0: Ball 1-0: Swinging Strike 1-1: Ball 2-1: Swinging Strike 2-2: Foul Ball, location: 2F 2-2: Foul Ball, location: 2F 2-2: Foul Ball, location: 2F 2-2: Strikes out swinging
|
Pitching: LHP Tim Cadenas
|
|
Batting: RHB Bruce Jones
|
0-0: Ball 1-0: Swinging Strike 1-1: Ball 2-1: Foul Ball, location: 2F 2-2: Strikes out looking
|
Batting: RHB Ralph Wells
|
0-0: Called Strike 0-1: Foul Ball, location: 2F 0-2: Strikes out swinging
|
Top of the 7th over - 0 run(s), 0 hit(s), 0 error(s), 0 left on base; Texas Tech 3 - Kentucky 11 |
BOTTOM OF THE 7TH |
Kentucky Wildcats batting - Pitching for Texas Tech Red Raiders : LHP Mitchell Jenkins
|
Batting: RHB Ricky White
|
0-0: Ball 1-0: Ground out 6-3 (Groundball, 6)
|
Batting: LHB John Hudson
|
0-0: Ball 1-0: Ball 2-0: Swinging Strike 2-1: Swinging Strike 2-2: Ball 3-2: Base on Balls
|
Batting: RHB Jerry Gentry
|
0-0: Foul Ball, location: 2F 0-1: Called Strike 0-2: SINGLE (Line Drive, 6MD) John Hudson to second
|
Batting: SHB Matt Wells
|
0-0: Ball 1-0: Ball 2-0: Ball 3-0: Called Strike 3-1: Base on Balls John Hudson to third Jerry Gentry to second
|
Batting: LHB Carlos Romero
|
0-0: Called Strike 0-1: Ball 1-1: Ball 2-1: SINGLE (Groundball, 34D) John Hudson scores Jerry Gentry to third Matt Wells to second Throwing error, E9 Jerry Gentry scores Matt Wells to third Carlos Romero to second
|
Pitching: LHP Doug Hamm
|
|
Batting: RHB Chris Rice
|
0-0: Ball 1-0: Ball 2-0: Called Strike 2-1: Swinging Strike 2-2: Foul Ball, location: 2F 2-2: Foul Ball, location: 2F 2-2: Foul Ball, location: 2F 2-2: Strikes out looking
|
Batting: RHB António Olivares
|
0-0: Called Strike 0-1: Ground out 5-3 (Groundball, 56)
|
Bottom of the 7th over - 2 run(s), 2 hit(s), 1 error(s), 2 left on base; Texas Tech 3 - Kentucky 13 |
TOP OF THE 8TH |
Texas Tech Red Raiders batting - Pitching for Kentucky Wildcats : LHP Tim Cadenas
|
Batting: RHB Jeremy Kennedy
|
0-0: Ball 1-0: Ball 2-0: Foul Ball, location: 2F 2-1: Ball 3-1: Foul Ball, location: 2F 3-2: Strikes out swinging
|
Batting: LHB Albert Cardona
|
0-0: SINGLE (Groundball, 6MD)
|
Batting: RHB Steven Hill
|
0-0: Ball 1-0: Ball 2-0: Ball 3-0: Base on Balls Albert Cardona to second
|
Batting: RHB Casey Fox
|
0-0: Called Strike 0-1: Swinging Strike 0-2: SINGLE (Groundball, 6MD) Albert Cardona to third Steven Hill to second
|
Batting: RHB Terry Whitney
|
0-0: Ball 1-0: Fly out, F5 (Popup, 5F)
|
Batting: RHB Jorge Calderón
|
0-0: Ball 1-0: Ball 2-0: Foul Ball, location: 2F 2-1: Fly out, F9 (Line Drive, 9M)
|
Top of the 8th over - 0 run(s), 2 hit(s), 0 error(s), 3 left on base; Texas Tech 3 - Kentucky 13 |
BOTTOM OF THE 8TH |
Kentucky Wildcats batting - Pitching for Texas Tech Red Raiders : LHP Doug Hamm
|
Batting: RHB Jack Sweet
|
0-0: Swinging Strike 0-1: Ball 1-1: Ball 2-1: Foul Ball, location: 2F 2-2: Ball 3-2: Strikes out swinging
|
Batting: RHB Eddie Higgins
|
0-0: Ball 1-0: Ball 2-0: Swinging Strike 2-1: Ground out 4-3 (Groundball, 4)
|
Batting: RHB Ricky White
|
0-0: Called Strike 0-1: Ball 1-1: Ball 2-1: Foul Ball, location: 2F 2-2: Ball 3-2: Ground out 5-3 (Groundball, 56)
|
Bottom of the 8th over - 0 run(s), 0 hit(s), 0 error(s), 0 left on base; Texas Tech 3 - Kentucky 13 |
TOP OF THE 9TH |
Texas Tech Red Raiders batting - Pitching for Kentucky Wildcats : LHP Tim Cadenas
|
Now at 2B: Francisco Solgato
|
|
Batting: RHB Donovan James
|
0-0: Ball 1-0: Ball 2-0: Fly out, F8 (Flyball, 89M)
|
Batting: RHB Bruce Jones
|
0-0: Called Strike 0-1: Foul Ball, location: 2F 0-2: Ball 1-2: Foul Ball, location: 2F 1-2: Ball 2-2: Strikes out swinging
|
Batting: RHB Ralph Wells
|
0-0: Ball 1-0: Foul Ball, location: 2F 1-1: Ball 2-1: Ball 3-1: SINGLE (Line Drive, 8LS)
|
Batting: RHB Jeremy Kennedy
|
0-0: Swinging Strike 0-1: Ball 1-1: Called Strike 1-2: Ball 2-2: Ground out 6-3 (Groundball, 6)
|
Top of the 9th over - 0 run(s), 1 hit(s), 0 error(s), 1 left on base; Texas Tech 3 - Kentucky 13 |
|